 Dungeon Crawl Stone Soup version 0.28-a0-1412-gf95308ed99 (webtiles) character file.

Game seed: 5774808271523744977

2247 Ijustatesigmund the Cleaver (level 9, -3/62 (65) HPs)
             Began as a Hill Orc Fighter on Jan 7, 2022.
             Killed from afar by Psyche (5 damage)
             ... with a chain of chaos
             ... on level 8 of the Dungeon.
             The game lasted 00:11:57 (6803 turns).

Ijustatesigmund the Cleaver (Hill Orc Fighter)      Turns: 6803, Time: 00:11:58

HP:   -3/62 (65)    AC: 12    Str: 23      XL:     9   Next: 37%
MP:   9/9           EV:  6    Int: 13 (14) God:
Gold: 334           SH: 17    Dex: 10      Spells: 8/8 levels left

rFire   . . .      SeeInvis .   a - +1 war axe
rCold   . . .      Faith    .   c - +3 kite shield "Fah Cuemn" {Int+6}
rNeg    . . .      Spirit   .   b - +0 chain mail
rPois   .          Reflect  +   r - +1 hat
rElec   .          Harm     .   (no cloak)
rCorr   .          Rampage  .   p - +0 pair of gloves
Will    .....                   (no boots)
Stlth   ..........              j - amulet of reflection
HPRegen 0.20/turn               (no ring)
MPRegen 0.11/turn               (no ring)

@: lethally poisoned (-3 -> -4), lit by a corona, hasted, glowing, lightly
drained, very quick
A: deterioration 1, frail 2
a: no special abilities


You were on level 8 of the Dungeon.
You visited 2 branches of the dungeon, and saw 9 of its levels.
You also visited: Ossuary.

You collected 334 gold pieces.

Inventory:

Hand Weapons
 a - a +1 war axe (weapon)
Armour
 b - a +0 chain mail (worn)
 c - the +3 kite shield "Fah Cuemn" (worn) {Int+6}
   (You acquired it on level 4 of the Dungeon)

   Int:       It affects your intelligence (+6).
 p - a +0 pair of gloves (worn)
 r - a +1 hat (worn)
Jewellery
 e - a ring of magical power
 j - an amulet of reflection (around neck)
Wands
 k - a wand of polymorph (15)
 m - a wand of flame (7)
 o - a wand of paralysis (8)
 s - a wand of acid (8)
Scrolls
 i - 3 scrolls of identify
Potions
 f - 2 potions of curing
 g - a potion of ambrosia
 n - 2 potions of attraction


   Skills:
 + Level 8.8 Fighting
 + Level 11.1 Axes
 + Level 5.6 Armour
 + Level 5.6 Shields


You had 8 spell levels left.
You didn't know any spells.
Your spell library contained the following spells:

 Spells                   Type           Power      Damage    Failure   Level
 Apportation              Tloc           0%         N/A       99%         1
 Leda's Liquefaction      Hex/Erth       0%         N/A       100%        4
 Alistair's Intoxication  Tmut/Pois      0%         N/A       100%        5
 Lee's Rapid Deconstruct  Erth           0%         3d5*      100%        5
 Statue Form              Tmut/Erth      0%         N/A       100%        6


Dungeon Overview and Level Annotations

Branches:
Dungeon (8/15)             Temple (1/1) D:4         Ossuary (visited)
   Lair: D:8-11

Altars:
Ashenzari
Cheibriados
Dithmenos
Elyvilon
Fedhas
Gozag
Hepliaklqana
Kikubaaqudgha
Makhleb
Nemelex Xobeh
Okawaru
Ru
Trog
Uskayaw
Vehumet
Wu Jian
Xom
Yredelemnul
Zin
The Shining One

Shops:
D:4 [

Annotations:
D:5 Dowan, Duvessa
D:8 Psyche


Innate Abilities, Weirdness & Mutations

Your body sometimes deteriorates upon taking damage.
You are very frail. (-20% HP)


Message History

You hear a zap.
You hear a grinding noise.
The bullfrog hits you but does no damage.
Psyche gestures wildly while chanting.
A swirling arc of seething chaos appears!
The arc of chaos hits the acid dragon!
The arc of chaos hits you but does no damage.
You are poisoned.
The bullfrog hits you but does no damage.
You hit the bullfrog.
The bullfrog is lightly wounded.
You barely miss the acid dragon.
You feel sick. The acid dragon bites you.
The acid dragon claws you but does no damage.
The bullfrog snags a nearby millipede with its tongue.
The bullfrog hits you but does no damage.
You slash the acid dragon!
The acid dragon is heavily wounded.
You miss the bullfrog.
You feel sick. The acid dragon bites you.
The acid dragon claws you but does no damage.
The bullfrog hits you.
You feel less invigorated.
You feel less confused.
You hit the acid dragon but do no damage.
The acid dragon is heavily wounded.
You slash the bullfrog! You slash Psyche!
You feel sick. The acid dragon spits acid at you. The splash of acid hits you!!
* * * LOW HITPOINT WARNING * * *
Your body deteriorates!
You feel dopey. You block the bullfrog's attack.
Psyche looks satisfied for a moment.
You barely miss the acid dragon.
The acid dragon is heavily wounded.
You hit Psyche. You slash the bullfrog!
You feel sick. The acid dragon closely misses you. The acid dragon claws you.
* * * LOW HITPOINT WARNING * * *
You block the bullfrog's attack.
Psyche mumbles some strange words.
A swirling arc of seething chaos appears!
The arc of chaos hits you.
You die...

.....###......###
....Y.#.......#
...?..#.Y....##
.....Y......##
....Y......##
...........#
..#......## .
##..@...#
##.D@..# #..F.###
##...# ####.# #.#
#.# ##


You could see Psyche, 4 yaks, an acid dragon (catching breath) and a bullfrog.

Vanquished Creatures
  A wyvern (D:7)
  2 wraiths (Ossuary)
  A water moccasin (D:5)
  An orc warrior (D:7)
  3 sky beasts
  A black bear (D:6)
  An ice beast (D:4)
  An ogre (D:6)
  2 scorpions (D:4)
  A water moccasin zombie (D:6)
  5 wights (Ossuary)
  A howler monkey (D:5)
  2 jellies (D:4)
  A centaur zombie (D:7)
  2 hounds
  A gnoll shaman (D:7)
  An orc priest (D:7)
  Ijyb (D:5)
  5 orc wizards
  An iguana (D:7)
  A killer bee zombie (D:6)
  2 hound skeletons
  2 gnolls
  6 adders
  A shadow imp (D:5)
  A white imp (D:4)
  2 adder zombies (Ossuary)
  An adder skeleton (D:4)
  A worm (D:2)
  A dart slug (D:1)
  14 orcs
  7 ball pythons
  9 endoplasms
  A giant cockroach (D:1)
  5 hobgoblins
  7 kobolds
  A quokka (D:2)
  6 bats
  3 frilled lizards
  3 goblins
  2 hobgoblin skeletons (Ossuary)
  A hobgoblin zombie (Ossuary)
  2 kobold zombies (Ossuary)
  5 rats
118 creatures vanquished.

Vanquished Creatures (others)
  A human (D:4)
1 creature vanquished.

Grand Total: 119 creatures vanquished

Notes
Turn   | Place    | Note
-------+----------+-------------------------------------------
     0 | D:1      | Ijustatesigmund the Hill Orc Fighter began the quest for
                  | the Orb.
     0 | D:1      | Reached XP level 1. HP: 19/19 MP: 1/1
   202 | D:1      | Reached skill level 3 in Axes
   361 | D:1      | Reached XP level 2. HP: 27/27 MP: 2/2
   780 | D:1      | Reached XP level 3. HP: 33/33 MP: 3/3
   879 | D:1      | Found a faded altar of an unknown god.
   992 | D:2      | Reached skill level 4 in Axes
  1600 | D:3      | Found a shadowy altar of Dithmenos.
  1647 | D:3      | Reached skill level 5 in Axes
  1647 | D:3      | Reached XP level 4. HP: 21/41 MP: 4/4
  1815 | D:3      | Found a radiant altar of Vehumet.
  2097 | D:3      | Reached XP level 5. HP: 42/47 MP: 5/5
  2612 | D:4      | Found a staircase to the Ecumenical Temple.
  2618 | D:4      | Found Zyurchob's Armour Shoppe.
  2623 | D:4      | Reached skill level 5 in Fighting
  2655 | D:4      | Found a sand-covered staircase.
  2661 | Ossuary  | Entered an ossuary
  2701 | Ossuary  | Reached skill level 6 in Axes
  2744 | Ossuary  | Reached XP level 6. HP: 40/56 MP: 6/6
  2851 | Ossuary  | Noticed a wraith
  2851 | Ossuary  | Noticed a flying skull
  2862 | Ossuary  | Noticed a flying skull
  2885 | Ossuary  | Noticed a flying skull
  2893 | Ossuary  | Noticed a wraith
  2909 | Ossuary  | Killed a wraith
  2910 | Ossuary  | Reached skill level 7 in Axes
  3221 | Ossuary  | Noticed a wraith
  3228 | Ossuary  | Killed a wraith
  3229 | Ossuary  | Reached skill level 8 in Axes
  3229 | Ossuary  | Reached XP level 7. HP: 64/64 MP: 7/7
  3414 | D:4      | Reached skill level 9 in Axes
  3497 | D:4      | Found a sparkling altar of Nemelex Xobeh.
  3597 | D:4      | Found an ancient bone altar of Kikubaaqudgha.
  3598 | D:4      | Noticed a human
  3600 | D:4      | Killed a human
  3855 | D:4      | Reached XP level 8. HP: 59/73 MP: 8/8
  4075 | D:4      | Identified a scroll of acquirement
  4075 | D:4      | Acquired the +3 kite shield "Fah Cuemn" {Int+6}
  4134 | D:4      | Found a faded altar of an unknown god.
  4134 | D:4      | Found a broken altar of Ashenzari.
  4142 | D:4      | Found a hazy altar of Hepliaklqana.
  4144 | D:4      | Found a faded altar of an unknown god.
  4146 | D:4      | Found a glowing silver altar of Zin.
  4337 | D:5      | Entered Level 5 of the Dungeon
  4340 | D:5      | Noticed Duvessa
  4340 | D:5      | Noticed Dowan
  4370 | Temple   | Entered the Ecumenical Temple
  4871 | D:5      | Found an iron altar of Okawaru.
  4898 | D:5      | Noticed Ijyb
  4902 | D:5      | Reached skill level 10 in Axes
  4902 | D:5      | Paralysed by Ijyb for 5 turns
  4911 | D:5      | Killed Ijyb
  5829 | D:6      | Found a white marble altar of Elyvilon.
  5933 | D:6      | Reached XP level 9. HP: 46/81 MP: 9/9
  6236 | D:7      | Reached skill level 5 in Armour
  6236 | D:7      | Reached skill level 5 in Shields
  6638 | D:7      | Reached skill level 11 in Axes
  6790 | D:8      | Noticed Psyche
  6795 | D:8      | Gained mutation: You are frail. (-10% HP) [potion of
                  | mutation]
  6795 | D:8      | Gained mutation: You are very frail. (-20% HP) [potion of
                  | mutation]
  6795 | D:8      | Gained mutation: Your body sometimes deteriorates upon
                  | taking damage. [potion of mutation]
  6803 | D:8      | HP: 3/62 [poisoned by Psyche (arc of chaos)]
  6803 | D:8      | Killed from afar by Psyche

Illustrated notes

Levels and vault maps discovered:
D:1:      psy_arrival_whirlpool, layout_basic,
          shapermc_ecumenical_altar_hornbeckon
D:2:      layout_rooms, nicolae_elevator_lobby_plus
D:3:      layout_basic, old_standard_altar,
          mainiacjoe_overflow_concentric_impassable, fountainhead
D:4:      wad_river_or_something, layout_basic, tgw_kikubaaqudgha,
          mainiacjoe_overflow_brackets, chequers_temple_overflow_minitemple,
          minmay_temple_entry_stoned_glass, serial_shops, shop_fountains,
          enter_ossuary_2
D:5:      layout_basic, okawaru_gym_becter, uniq_ijyb, uniq_duvessa
D:6:      layout_gridville, mainiacjoe_overflow_catwalk
D:7:      layout_cave_pools
D:8:      layout_cave_pools, overflow_temple_1_default, serial_shops,
          nicolae_lakefront_shop, kennysheep_crisscross, uniq_psyche
Temple:   minmay_temple_curvy_loop

Skill      XL: |  1  2  3  4  5  6  7  8  9 |
---------------+----------------------------+-----
Fighting       | 4 5 6 7 8 |  8.8
Axes           | 3 5 6 8 9 10 11 | 11.1
Armour         | 4 5 |  5.6
Shields        | 4 5 |  5.6

Action                   |  1- 3 |  4- 6 |  7- 9 || total
-------------------------+-------+-------+-------++-------
Melee: War axe           |   116 |    88 |   236 ||   440
  Use: Scroll            |       |    11 |     6 ||    17
       Potion            |       |     1 |     4 ||     5
Armor: Scale mail        |    42 |     7 |       ||    49
       Chain mail        |       |    25 |    94 ||   119
Dodge: Dodged            |    56 |    18 |    53 ||   127
Block: Buckler           |    33 |    38 |    31 ||   102
       Reflection        |       |       |     3 ||     3
       Kite shield       |       |       |   154 ||   154

Table legend: (Time is in decaauts)
 A = Elapsed time spent in this place.
 B = Non-inter-level travel time spent in this place.
 C = Inter-level travel time spent in this place.
 D = Time resting spent in this place.
 E = Time spent auto-exploring this place.
 F = Levels seen in this place.
 G = Mean time per level.
                   A        B        C        D        E       F      G
               +--------+--------+--------+--------+--------+-----+--------+
         Total |   6903 |   6708 |    195 |    737 |   4743 |  10 |  690.3 |
       Dungeon |   5938 |   5764 |    174 |    449 |   4268 |   8 |  742.2 |
        Temple |    217 |    196 |     21 |      0 |    191 |   1 |  217.0 |
       Ossuary |    747 |    747 |      0 |    288 |    284 |   1 |  747.0 |
               +--------+--------+--------+--------+--------+-----+--------+

Top non-repeatable levels by time:
     D:6: 1158 daAuts
     D:4: 1075 daAuts
     D:3: 1009 daAuts
     D:1: 994 daAuts
 Ossuary: 747 daAuts
     D:2: 649 daAuts
     D:7: 570 daAuts
     D:5: 457 daAuts
  Temple: 217 daAuts
     D:8: 23 daAuts
